 Dungeon Crawl Stone Soup version 0.20.1-1-g8b1a95d (webtiles) character file.

4689 Gargoyl the Cleaver (level 10, -5/86 HPs)
             Began as a Minotaur Abyssal Knight on Sept 20, 2017.
             Was an Elder of Lugonu.
             Slain by an orc warrior
             ... wielding a +0 dire flail
              (15 damage)
             ... on level 8 of the Dungeon.
             The game lasted 00:14:31 (7762 turns).

Gargoyl the Cleaver (Minotaur Abyssal Knight)       Turns: 7762, Time: 00:14:31

Health: -5/86      AC: 14    Str: 18    XL:     10   Next: 21%
Magic:  13/13      EV:  9    Int:  9    God:    Lugonu [****..]
Gold:   350        SH:  7    Dex: 12    Spells: 9/9 levels left

rFire    . . .     SeeInvis .   r - +1 war axe (chop)
rCold    . . .     Gourm    .   u - +1 buckler
rNeg     . . .     Faith    .   I - +0 chain mail
rPois    .         Spirit   .   (helmet restricted)
rElec    .         Reflect  +   (no cloak)
rCorr    .         Harm     .   d - +2 pair of gloves
MR       +....     Clarity  +   (no boots)
Stlth    ..........             A - +2 amulet of reflection
Regen    0.3/turn               m - ring of protection from magic
MPRegen  0.2/turn               y - ring of stealth

@: no status effects
A: retaliatory headbutt, horns 2, blink, blurry vision 1, clarity, screaming 1
a: Blink, Depart the Abyss, Bend Space, Banish, Corrupt, Renounce Religion


You were on level 8 of the Dungeon.
You worshipped Lugonu.
Lugonu was greatly pleased with you.
You were not hungry.

You visited 1 branch of the dungeon, and saw 8 of its levels.
You visited the Abyss 1 time.

You collected 350 gold pieces.

Inventory:

Hand Weapons
 a - a +1 hand axe
 r - a +1 war axe of chopping (weapon)
Missiles
 t - 4 tomahawks (quivered)
Armour
 d - a +2 pair of gloves (worn)
 u - a +1 buckler (worn)
 I - a +0 chain mail (worn)
Jewellery
 m - a ring of protection from magic (left hand)
 y - a ring of stealth (right hand)
 A - a +2 amulet of reflection (around neck)
Wands
 b - a wand of paralysis (6/24)
 p - a wand of confusion (17/48)
 w - a wand of flame (11/48)
 B - a wand of lightning (6/15)
 C - a wand of iceblast (8/15)
 D - a wand of polymorph (7/24)
Scrolls
 i - a scroll of amnesia
 n - 2 scrolls of fog
 q - a scroll of recharging
 z - 4 scrolls of teleportation
 F - a scroll of identify
 K - a scroll of blinking
 M - a scroll of immolation {unknown}
 N - a scroll of enchant weapon {unknown}
Potions
 e - a potion of mutation {unknown}
 f - a potion of berserk rage {unknown}
 h - a potion of magic
 j - 4 potions of flight
 o - 2 potions of agility
 s - 3 potions of curing
 v - a potion of brilliance {unknown}
 J - a potion of heal wounds {unknown}
 L - a potion of haste
Books
 k - a book of Misfortune

   Spells                             Type                      Level
   a - Confusing Touch                Hexes                        1
   b - Confuse                        Hexes                        3
   c - Gell's Gravitas                Translocation                3
   d - Petrify                        Transmutation/Earth          4
   e - Metabolic Englaciation         Hexes/Ice                    5
   f - Yara's Violent Unravelling     Hexes/Transmutation          5
 x - a book of Callings

   Spells                             Type                      Level
   a - Summon Small Mammal            Summoning                    1
   b - Call Imp                       Summoning                    2
   c - Call Canine Familiar           Summoning                    3
   d - Summon Guardian Golem          Hexes/Summoning              3
   e - Summon Lightning Spire         Summoning/Air                4
   f - Summon Ice Beast               Ice/Summoning                4
 E - a book of Cantrips

   Spells                             Type                      Level
   a - Confusing Touch                Hexes                        1
   b - Animate Skeleton               Necromancy                   1
   c - Summon Small Mammal            Summoning                    1
   d - Apportation                    Translocation                1
Comestibles
 c - 6 bread rations
 g - 4 royal jellies
 l - 5 meat rations
 G - 4 fruits
 H - 6 chunks of flesh


   Skills:
 + Level 7.0 Fighting
 + Level 10.3 Axes
 + Level 1.9 Throwing
 * Level 9.7 Armour
 + Level 4.2 Dodging
 + Level 3.2 Shields
 * Level 6.3 Invocations


You had 9 spell levels left.
You didn't know any spells.

Dungeon Overview and Level Annotations

Branches:
Dungeon (8/15)             Temple (0/1) D:4            Lair (0/6) D:8

Altars:
Cheibriados
Elyvilon
Gozag
Hepliaklqana
Kikubaaqudgha
Nemelex Xobeh
Okawaru
Qazlal
Xom
Zin


Innate Abilities, Weirdness & Mutations

You reflexively headbutt those who attack you in melee.
You have a pair of horns on your head.
You can translocate small distances at will.
Scrolls take you a little longer to read.
You possess an exceptional clarity of mind.
You occasionally shout uncontrollably at your foes.


Message History

The orc warrior is severely wounded.
You hit the orc warrior but do no damage.
The orc warrior is severely wounded.
The orc warrior barely misses you.
You closely miss the orc warrior.
The orc warrior is severely wounded.
The orc warrior hits you but does no damage.
You hit the orc warrior but do no damage.
The orc warrior is severely wounded.
The orc warrior hits you with a dire flail!
* * * LOW HITPOINT WARNING * * *
You hit the orc warrior but do no damage.
The orc warrior is severely wounded.
The orc warrior hits you with a dire flail!
* * * LOW HITPOINT WARNING * * *
You closely miss the orc warrior.
The orc warrior is severely wounded.
You hear some strange, mumbled words.
The orc warrior hits you with a dire flail!
You die...

## .....#####.####..####
..#.........)#...#....... #.#.#
#............≈§≈ ##....
###..##....≈≈≈≈. ########..#.#
##.......≈≈§§.≈ #......#..#.#
##........≈≈§>≈≈ #.........#.##
##.........≈≈§.≈≈
#............####..........≈≈§§≈≈
#......#......{o@.#.........≈≈≈≈.
#......###.....####..............
##########..##..# #..............
########....###....#............#
.........#..# ###.##............
........##..... # .#######..#.
......†.##.####.# #...#..
.......†....... ..###.#
.........#.###. ## #.#


You could see an orc warrior.

Vanquished Creatures
  The ghost of Goodini51 the Poker, a novice HuWn of Hepliaklqana (D:6)
  Psyche (D:8)
  Sigmund (D:5)
  A wyvern (D:8)
  Edmund (D:6)
  Duvessa (D:4)
  2 hell hounds (D:8)
  2 sky beasts
  A black bear (D:7)
  2 ice beasts
  4 ogres
  2 centaurs
  2 necrophages (D:7)
  4 wolves (D:8)
  4 bullfrogs
  2 scorpions
  Dowan (D:4)
  4 wights (D:7)
  2 vampire bats (D:4)
  A howler monkey (D:4)
  6 orc priests
  2 bullfrog skeletons
  2 centaur skeletons
  6 hounds
  3 jellies
  3 iguanas
  Ijyb (D:3)
  4 orc wizards
  3 worker ants
  2 hound skeletons
  3 mummies (D:7)
  A howler monkey zombie (D:8)
  2 worker ant zombies
  7 gnolls
  A howler monkey skeleton (D:4)
  9 adders
  An adder zombie (D:7)
  3 leopard geckos
  23 orcs
  2 ball pythons
  11 bats
  4 giant cockroaches
  2 goblins (D:3)
  7 hobgoblins
  8 jackals
  8 kobolds
  5 quokkas
  5 frilled lizards
  A leopard gecko skeleton (D:7)
  A leopard gecko zombie (D:5)
  8 rats
183 creatures vanquished.

Notes
Turn   | Place    | Note
-------+----------+-------------------------------------------
     0 | Abyss:1  | Gargoyl the Minotaur Abyssal Knight began the quest for the Orb.
     0 | Abyss:1  | Reached XP level 1. HP: 19/19 MP: 1/1
    84 | Abyss:2  | Noticed an iron imp
   104 | Abyss:2  | Noticed a wretched star
   104 | D:1      | Escaped the Abyss
   342 | D:1      | Reached XP level 2. HP: 27/27 MP: 2/2
   543 | D:1      | Reached * piety under Lugonu
   939 | D:2      | Reached XP level 3. HP: 24/33 MP: 3/3
   969 | D:2      | Reached skill level 3 in Axes
  1357 | D:2      | Found a sparkling altar of Nemelex Xobeh.
  1365 | D:2      | Found a snail-covered altar of Cheibriados.
  1368 | D:2      | Found a white marble altar of Elyvilon.
  1614 | D:3      | Reached XP level 4. HP: 31/41 MP: 4/4
  1953 | D:3      | Noticed Ijyb
  1957 | D:3      | Paralysed by Ijyb for 4 turns
  1963 | D:3      | Paralysed by Ijyb for 3 turns
  1977 | D:3      | Killed Ijyb
  1977 | D:3      | Reached skill level 4 in Axes
  1977 | D:3      | Reached XP level 5. HP: 47/47 MP: 4/6
  2140 | D:3      | Reached ** piety under Lugonu
  2742 | D:4      | Noticed an ice beast
  2767 | D:3      | Reached XP level 6. HP: 11/55 MP: 7/7
  3034 | D:3      | Killed an ice beast
  3214 | D:3      | Reached skill level 5 in Armour
  3240 | D:4      | Reached skill level 5 in Fighting
  3340 | D:4      | Reached skill level 5 in Axes
  3340 | D:4      | Reached XP level 7. HP: 40/61 MP: 8/8
  3346 | D:4      | Reached skill level 1 in Shields
  3589 | D:4      | Found a staircase to the Ecumenical Temple.
  3677 | D:4      | Noticed Dowan
  3678 | D:4      | Noticed Duvessa
  3686 | D:4      | Killed Dowan
  3698 | D:4      | Killed Duvessa
  4093 | D:4      | Found a hazy altar of Hepliaklqana.
  4093 | D:4      | Found a shimmering altar of Xom.
  4132 | D:4      | Found an iron altar of Okawaru.
  4507 | D:4      | Reached XP level 8. HP: 68/69 MP: 10/10
  4557 | D:5      | Entered Level 5 of the Dungeon
  4565 | D:5      | Noticed Sigmund
  4574 | D:5      | Killed Sigmund
  4574 | D:5      | Reached skill level 6 in Axes
  4705 | D:5      | Found an ancient bone altar of Kikubaaqudgha.
  4706 | D:5      | Found a glowing silver altar of Zin.
  4782 | D:5      | Found an opulent altar of Gozag.
  5100 | D:5      | Reached skill level 1 in Throwing
  5298 | D:6      | Noticed Edmund
  5314 | D:6      | Killed Edmund
  5356 | D:6      | Noticed Goodini51's ghost (novice HuWn)
  5371 | D:6      | Killed Goodini51's ghost
  5371 | D:6      | Reached *** piety under Lugonu
  5371 | D:6      | Reached skill level 7 in Axes
  5618 | D:6      | Reached skill level 5 in Invocations
  5618 | D:6      | Reached XP level 9. HP: 45/75 MP: 11/11
  5955 | D:6      | Got a brightly glowing iron ring
  6111 | D:6      | Reached skill level 8 in Axes
  6269 | D:3      | Identified the cursed ring of Weethic Cemm {rF+ rC++ Str-3 Int+2 Dex-3} (You found it on level 6 of the Dungeon)
  6612 | D:7      | Reached skill level 9 in Axes
  6668 | D:7      | Found a stormy altar of Qazlal.
  6796 | D:7      | Reached **** piety under Lugonu
  7205 | D:8      | Found a staircase to the Lair.
  7217 | D:8      | Gained mutation: You are frail. (-10% HP) [mutagenic meat]
  7218 | D:8      | Gained mutation: You possess an exceptional clarity of mind. [mutagenic meat]
  7219 | D:8      | Lost mutation: You are frail. (-10% HP) [mutagenic meat]
  7220 | D:8      | Gained mutation: You can translocate small distances at will. [mutagenic meat]
  7221 | D:8      | Gained mutation: You occasionally shout uncontrollably at your foes. [mutagenic meat]
  7222 | D:8      | Gained mutation: Scrolls take you a little longer to read. [mutagenic meat]
  7354 | D:8      | Noticed Psyche
  7363 | D:8      | Killed Psyche
  7363 | D:8      | Reached skill level 10 in Axes
  7363 | D:8      | Reached XP level 10. HP: 62/84 MP: 13/13
  7762 | D:8      | Slain by an orc warrior

Skill      XL: |  1  2  3  4  5  6  7  8  9 10 |
---------------+-------------------------------+-----
Fighting       | 4 5 6 7 |  7.0
Axes           | 3 4 5 7 10 | 10.3
Invocations    | 2 3 4 5 6 |  6.3
Armour         | 3 4 5 6 8 9 |  9.7
Dodging        | 2 3 4 |  4.2
Shields        | 1 2 3 |  3.2
Throwing       | 1 |  1.9

Action                   |  1- 3 |  4- 6 |  7- 9 | 10-12 || total
-------------------------+-------+-------+-------+-------++-------
Melee: Hand axe          |    67 |   118 |       |       ||   185
       Headbutt          |    11 |    15 |    57 |     5 ||    88
       War axe           |       |     6 |   275 |    50 ||   331
Throw: Tomahawk          |       |       |    12 |       ||    12
Invok: Depart the Abyss  |     1 |       |       |       ||     1
Evoke: Wand              |       |       |     1 |       ||     1
  Use: Scroll            |     3 |     5 |     9 |       ||    17
       Potion            |       |     1 |     3 |       ||     4
 Stab: Paralysed         |       |       |     1 |       ||     1
  Eat: Chunk             |     2 |     6 |    19 |     1 ||    28
Armor: Leather armour    |    32 |       |       |       ||    32
       Scale mail        |    16 |    83 |    53 |       ||   152
       Skin              |       |       |     7 |       ||     7
       Chain mail        |       |       |    92 |    31 ||   123
Dodge: Dodged            |    63 |    81 |   123 |    34 ||   301
Block: Buckler           |       |    16 |    69 |    23 ||   108
       Reflection        |       |       |     1 |       ||     1
